MWL (24 & UNDER)
COLUMBIA 08S @ MANHATTEN MEATHEADS
06/08/2023
 
TOP OF THE 1ST
Columbia 08s batting - Pitching for Manhatten Meatheads : RHP Juan Mora
Pitching: RHP Juan Mora
Batting: RHB Ryosei Yamamoto 0-0: Called Strike
0-1: Swinging Strike
0-2: Ball
1-2: Strikes out swinging
Batting: RHB Vic Langlois 0-0: Ball
1-0: SINGLE (Groundball, 56D)
Batting: RHB Ichizo Akiyama 0-0: Ball
1-0: Foul Ball, location: 2F
1-1: Swinging Strike
1-2: Ball
2-2: Fielders Choice at 2nd, 6-4 (Groundball, 6M)
Batting: RHB Felipe Rego 0-0: Called Strike
0-1: Foul Ball, location: 2F
0-2: Ball
1-2: Strikes out swinging
Top of the 1st over - 0 run(s), 1 hit(s), 0 error(s), 1 left on base; Columbia 0 - Manhatten 0
BOTTOM OF THE 1ST
Manhatten Meatheads batting - Pitching for Columbia 08s : LHP Félix García
Pitching: LHP Félix García
Batting: RHB Iván Moreno 0-0: Called Strike
0-1: Swinging Strike
0-2: Ball
1-2: Ball
2-2: Strikes out swinging
Batting: RHB Kyle O'Day 0-0: Ball
1-0: Ball
2-0: Called Strike
2-1: Ball
3-1: Base on Balls
Batting: RHB William Moore 0-0: Swinging Strike
0-1: Called Strike
0-2: Ball
1-2: 2-RUN HOME RUN (Line Drive, 7LD), Distance : 364 ft
Batting: LHB António Cedeño 0-0: Called Strike
0-1: Foul Ball, location: 2F
0-2: Foul Ball, location: 2F
0-2: Hit by Pitch
Batting: LHB Dave Watt 0-0: Fly out, F9 (Flyball, 9M)
Batting: RHB Ben Morton 0-0: Called Strike
0-1: Fly out, F9 (Flyball, 89M)
Bottom of the 1st over - 2 run(s), 1 hit(s), 0 error(s), 1 left on base; Columbia 0 - Manhatten 2
TOP OF THE 2ND
Columbia 08s batting - Pitching for Manhatten Meatheads : RHP Juan Mora
Batting: LHB Gino Canio 0-0: Ball
1-0: Ball
2-0: Ball
3-0: Base on Balls
Batting: RHB Luis Maldonado 0-0: Ball
1-0: SINGLE (Groundball, 34)
Gino Canio to second
Runner from 2nd tries for 3rd, SAFE, no throw or cutoff
Batting: SHB Roberto Rivera 0-0: Ball
1-0: Called Strike
Luis Maldonado is caught stealing 2nd base
1-1: Ball
2-1: Swinging Strike
2-2: Foul Ball, location: 2F
2-2: Ball
3-2: Strikes out looking
Batting: RHB Felipe Rodríguez 0-0: Ball
1-0: Ball
2-0: Foul Ball, location: 2F
2-1: DOUBLE (Flyball, 8RXD)
Gino Canio scores
Batting: LHB Brock Larsen 0-0: Ball
1-0: Foul Ball, location: 2F
1-1: Ball
2-1: Ball
3-1: Swinging Strike
3-2: SINGLE (Flyball, 8LS)
Felipe Rodríguez to third
Felipe Rodríguez scores
Batting: RHB Ryosei Yamamoto 0-0: Called Strike
0-1: Swinging Strike
0-2: Ball
1-2: Ball
2-2: Strikes out swinging
Top of the 2nd over - 2 run(s), 3 hit(s), 0 error(s), 1 left on base; Columbia 2 - Manhatten 2
BOTTOM OF THE 2ND
Manhatten Meatheads batting - Pitching for Columbia 08s : LHP Félix García
Batting: RHB Greg Lee 0-0: Called Strike
0-1: Ball
1-1: Foul Ball, location: 2F
1-2: Ball
2-2: Ground out 5-3 (Groundball, 5L)
Batting: RHB Mitch Thomas 0-0: Ball
1-0: Swinging Strike
1-1: Called Strike
1-2: Foul Ball, location: 2F
1-2: Foul Ball, location: 2F
1-2: Ball
2-2: Ground out 6-3 (Groundball, 6)
Batting: RHB Juan Reyes 0-0: Swinging Strike
0-1: Swinging Strike
0-2: Ball
1-2: Strikes out swinging
Bottom of the 2nd over - 0 run(s), 0 hit(s), 0 error(s), 0 left on base; Columbia 2 - Manhatten 2
TOP OF THE 3RD
Columbia 08s batting - Pitching for Manhatten Meatheads : RHP Juan Mora
Batting: RHB Vic Langlois 0-0: Called Strike
0-1: Foul Ball, location: 2F
0-2: Strikes out looking
Batting: RHB Ichizo Akiyama 0-0: Ball
1-0: Called Strike
1-1: Ball
2-1: Called Strike
2-2: Strikes out swinging
Batting: RHB Felipe Rego 0-0: SINGLE (Line Drive, 78S)
Batting: LHB Gino Canio 0-0: Called Strike
0-1: Foul Ball, location: 2F
0-2: Fly out, F9 (Flyball, 9M)
Top of the 3rd over - 0 run(s), 1 hit(s), 0 error(s), 1 left on base; Columbia 2 - Manhatten 2
BOTTOM OF THE 3RD
Manhatten Meatheads batting - Pitching for Columbia 08s : LHP Félix García
Batting: RHB Iván Moreno 0-0: Ball
1-0: Called Strike
1-1: Called Strike
1-2: Ball
2-2: Strikes out looking
Batting: RHB Kyle O'Day 0-0: Called Strike
0-1: Ball
1-1: Ball
2-1: Ground out 5-3 (Groundball, 5L)
Batting: RHB William Moore 0-0: Called Strike
0-1: Called Strike
0-2: Foul Ball, location: 2F
0-2: Ground out 1-3 (Groundball, 13)
Bottom of the 3rd over - 0 run(s), 0 hit(s), 0 error(s), 0 left on base; Columbia 2 - Manhatten 2
TOP OF THE 4TH
Columbia 08s batting - Pitching for Manhatten Meatheads : RHP Juan Mora
Batting: RHB Luis Maldonado 0-0: Ball
1-0: Swinging Strike
1-1: Ground out 4-3 (Groundball, 4)
Batting: SHB Roberto Rivera 0-0: Ball
1-0: Ball
2-0: Ball
3-0: Called Strike
3-1: Swinging Strike
3-2: Foul Ball, location: 2F
3-2: Foul Ball, location: 2F
3-2: Foul Ball, location: 2F
3-2: SINGLE (Flyball, 8RS)
Batting: RHB Felipe Rodríguez 0-0: Called Strike
0-1: Ball
1-1: Ball
2-1: Fly out, F7 (Line Drive, 7S)
Batting: LHB Brock Larsen 0-0: Called Strike
0-1: Called Strike
0-2: Ball
1-2: Foul Ball, location: 2F
1-2: Strikes out swinging
Top of the 4th over - 0 run(s), 1 hit(s), 0 error(s), 1 left on base; Columbia 2 - Manhatten 2
BOTTOM OF THE 4TH
Manhatten Meatheads batting - Pitching for Columbia 08s : LHP Félix García
Batting: LHB António Cedeño 0-0: Called Strike
0-1: Foul Ball, location: 2F
0-2: Foul Ball, location: 2F
0-2: Foul Ball, location: 2F
0-2: Strikes out swinging
Batting: LHB Dave Watt 0-0: Foul Ball, location: 2F
0-1: Ball
1-1: Called Strike
1-2: Strikes out looking
Batting: RHB Ben Morton 0-0: Swinging Strike
0-1: Foul Ball, location: 2F
0-2: Strikes out swinging
Bottom of the 4th over - 0 run(s), 0 hit(s), 0 error(s), 0 left on base; Columbia 2 - Manhatten 2
TOP OF THE 5TH
Columbia 08s batting - Pitching for Manhatten Meatheads : RHP Juan Mora
Batting: RHB Ryosei Yamamoto 0-0: Foul Ball, location: 2F
0-1: Foul Ball, location: 2F
0-2: Ball
1-2: Fly out, F3 (Popup, 3SF)
Batting: RHB Vic Langlois 0-0: Fly out, F8 (Flyball, 8LM)
Batting: RHB Ichizo Akiyama 0-0: Called Strike
0-1: SINGLE (Line Drive, 56D)
Batting: RHB Felipe Rego 0-0: Foul Ball, location: 2F
0-1: Foul Ball, location: 2F
0-2: Foul Ball, location: 2F
0-2: Strikes out swinging
Top of the 5th over - 0 run(s), 1 hit(s), 0 error(s), 1 left on base; Columbia 2 - Manhatten 2
BOTTOM OF THE 5TH
Manhatten Meatheads batting - Pitching for Columbia 08s : LHP Félix García
Batting: RHB Greg Lee 0-0: Called Strike
0-1: Foul Ball, location: 2F
0-2: Strikes out swinging
Batting: RHB Mitch Thomas 0-0: Called Strike
0-1: Ball
1-1: Foul Ball, location: 2F
1-2: Fly out, F7 (Flyball, 78M)
Batting: RHB Juan Reyes 0-0: Called Strike
0-1: Ground out 4-3 (Groundball, 4M)
Bottom of the 5th over - 0 run(s), 0 hit(s), 0 error(s), 0 left on base; Columbia 2 - Manhatten 2
TOP OF THE 6TH
Columbia 08s batting - Pitching for Manhatten Meatheads : RHP Juan Mora
Pitching: LHP Juan Mendoza
Batting: LHB Gino Canio 0-0: Called Strike
0-1: Ball
1-1: Called Strike
1-2: Ball
2-2: Foul Ball, location: 2F
2-2: Strikes out looking
Batting: RHB Luis Maldonado 0-0: Ball
1-0: Ball
2-0: Foul Ball, location: 2F
2-1: Foul Ball, location: 2F
2-2: Ball
3-2: Strikes out swinging
Batting: SHB Roberto Rivera 0-0: Ball
1-0: Ball
2-0: Foul Ball, location: 2F
2-1: DOUBLE (Groundball, 5L)
Batting: RHB Felipe Rodríguez 0-0: Ball
1-0: Called Strike
1-1: Foul Ball, location: 2F
1-2: 2-RUN HOME RUN (Flyball, 78XD), Distance : 388 ft
Batting: LHB Brock Larsen 0-0: Ball
1-0: Ball
2-0: Called Strike
2-1: Foul Ball, location: 2F
2-2: Strikes out looking
Top of the 6th over - 2 run(s), 2 hit(s), 0 error(s), 0 left on base; Columbia 4 - Manhatten 2
BOTTOM OF THE 6TH
Manhatten Meatheads batting - Pitching for Columbia 08s : LHP Félix García
Batting: RHB Iván Moreno 0-0: Called Strike
0-1: Ball
1-1: Ball
2-1: Called Strike
2-2: Ground out 4-3 (Groundball, 4)
Batting: RHB Kyle O'Day 0-0: Foul Ball, location: 2F
0-1: Ball
1-1: Ball
2-1: Called Strike
2-2: Foul Ball, location: 2F
2-2: Ball
3-2: Base on Balls
Batting: RHB William Moore 0-0: Ball
1-0: Foul Ball, location: 2F
1-1: Ball
2-1: SINGLE (Groundball, 56D) (infield hit)
Kyle O'Day to second
Pitching: RHP Carlos Trujillo
Batting: LHB António Cedeño 0-0: Ball
1-0: Called Strike
1-1: Foul Ball, location: 2F
1-2: Foul Ball, location: 2F
1-2: Strikes out swinging
Batting: LHB Dave Watt 0-0: SINGLE (Groundball, 4M) (infield hit)
Kyle O'Day to third
William Moore to second
Batting: RHB Ben Morton 0-0: Ball
1-0: Ball
2-0: Called Strike
2-1: Fly out, F9 (Flyball, 9LM)
Bottom of the 6th over - 0 run(s), 2 hit(s), 0 error(s), 3 left on base; Columbia 4 - Manhatten 2
TOP OF THE 7TH
Columbia 08s batting - Pitching for Manhatten Meatheads : LHP Juan Mendoza
Batting: RHB Ryosei Yamamoto 0-0: Called Strike
0-1: Ball
1-1: Swinging Strike
1-2: SINGLE (Line Drive, 56)
Batting: RHB Vic Langlois 0-0: Sac Bunt - play at first, batter safe!
Ryosei Yamamoto to second
Batting: RHB Ichizo Akiyama 0-0: Ball
1-0: Ball
2-0: Ball
3-0: Base on Balls
Ryosei Yamamoto to third
Vic Langlois to second
Batting: RHB Felipe Rego 0-0: Ball
1-0: Ball
2-0: Ball
3-0: Called Strike
3-1: Base on Balls
Ryosei Yamamoto scores
Vic Langlois to third
Ichizo Akiyama to second
Pinch Hitting: RHB Barton Frazier 0-0: Ball
Wild Pitch!
Vic Langlois scores
Ichizo Akiyama to third
Felipe Rego to second
1-0: Intentional Walk
Pitching: RHP Víctor Viña
Batting: RHB Luis Maldonado 0-0: Foul Ball, location: 2F
0-1: Fly out, F7 (Flyball, 78S)
Batting: SHB Roberto Rivera 0-0: Fly out, F7 (Line Drive, 7M)
Runner from 3rd tags up, SCORES, throw made
Batting: RHB Felipe Rodríguez 0-0: Called Strike
0-1: Ball
1-1: Called Strike
1-2: Ball
2-2: Foul Ball, location: 2F
2-2: Ball
3-2: Base on Balls
Felipe Rego to third
Barton Frazier to second
Batting: LHB Brock Larsen 0-0: Ball
1-0: Ground out U3 (Groundball, 3L)
Top of the 7th over - 3 run(s), 2 hit(s), 0 error(s), 3 left on base; Columbia 7 - Manhatten 2
BOTTOM OF THE 7TH
Manhatten Meatheads batting - Pitching for Columbia 08s : RHP Carlos Trujillo
Now in LF: Alfredo Hernández
Batting: RHB Greg Lee 0-0: Swinging Strike
0-1: Swinging Strike
0-2: Foul Ball, location: 2F
0-2: Ball
1-2: SINGLE (Groundball, 6MD)
Batting: RHB Mitch Thomas 0-0: Ball
1-0: Called Strike
1-1: Called Strike
1-2: Foul Ball, location: 2F
1-2: Strikes out swinging
Batting: RHB Juan Reyes 0-0: Fly out, F9 (Flyball, 9LM)
Batting: RHB Iván Moreno 0-0: Called Strike
0-1: Foul Ball, location: 2F
0-2: Strikes out swinging
Bottom of the 7th over - 0 run(s), 1 hit(s), 0 error(s), 1 left on base; Columbia 7 - Manhatten 2
TOP OF THE 8TH
Columbia 08s batting - Pitching for Manhatten Meatheads : RHP Víctor Viña
Batting: RHB Ryosei Yamamoto 0-0: Swinging Strike
0-1: Ball
1-1: Ball
2-1: Foul Ball, location: 2F
2-2: Foul Ball, location: 2F
2-2: Ball
3-2: Base on Balls
Batting: RHB Vic Langlois 0-0: Called Strike
0-1: Bunted foul
0-2: Ball
1-2: Ball
2-2: Ball
3-2: Base on Balls
Ryosei Yamamoto to second
Batting: RHB Ichizo Akiyama 0-0: Called Strike
0-1: Called Strike
0-2: Strikes out looking
Batting: RHB Felipe Rego 0-0: Called Strike
0-1: Fly out, F8 (Flyball, 8LM)
Batting: RHB Alfredo Hernández 0-0: Ball
1-0: Ball
2-0: Called Strike
2-1: SINGLE (Groundball, 34)
Ryosei Yamamoto to third
Vic Langlois to second
Runner from 3rd tries for Home, SAFE, no throw or cutoff
Batting: RHB Luis Maldonado 0-0: Swinging Strike
0-1: Ball
1-1: Ball
2-1: Ball
3-1: Swinging Strike
3-2: Strikes out swinging
Top of the 8th over - 1 run(s), 1 hit(s), 0 error(s), 2 left on base; Columbia 8 - Manhatten 2
BOTTOM OF THE 8TH
Manhatten Meatheads batting - Pitching for Columbia 08s : RHP Carlos Trujillo
Batting: RHB Kyle O'Day 0-0: Called Strike
0-1: Ball
1-1: Swinging Strike
1-2: Strikes out swinging
Pitching: RHP Irwin Conway
Batting: RHB William Moore 0-0: Called Strike
0-1: Fly out, F5 (Popup, 5F)
Batting: LHB António Cedeño 0-0: Ball
1-0: Called Strike
1-1: Foul Ball, location: 2F
1-2: Ball
2-2: Ball
3-2: SOLO HOME RUN (Flyball, 9D), Distance : 364 ft
Batting: LHB Dave Watt 0-0: Ground out 4-3 (Groundball, 4)
Bottom of the 8th over - 1 run(s), 1 hit(s), 0 error(s), 0 left on base; Columbia 8 - Manhatten 3
TOP OF THE 9TH
Columbia 08s batting - Pitching for Manhatten Meatheads : RHP Víctor Viña
Batting: SHB Roberto Rivera 0-0: Ball
1-0: Ground out 4-3 (Groundball, 4M)
Batting: RHB Felipe Rodríguez 0-0: Ball
1-0: Foul Ball, location: 2F
1-1: Reached on error, E5 (Groundball, 5)
Batting: LHB Brock Larsen 0-0: Foul Ball, location: 2F
0-1: Ball
1-1: Called Strike
1-2: Ball
2-2: Ball
3-2: Base on Balls
Pitching: RHP Dean Kell
Batting: RHB Ryosei Yamamoto 0-0: Foul Ball, location: 2F
0-1: Ball
1-1: Swinging Strike
1-2: Ball
2-2: Ball
3-2: Strikes out swinging
Batting: RHB Vic Langlois 0-0: Ball
1-0: Ball
2-0: Ball
3-0: Base on Balls
Felipe Rodríguez to third
Brock Larsen to second
Batting: RHB Ichizo Akiyama 0-0: Ball
1-0: Ball
2-0: Ball
3-0: Called Strike
3-1: Base on Balls
Felipe Rodríguez scores
Brock Larsen to third
Vic Langlois to second
Batting: RHB Felipe Rego 0-0: Foul Ball, location: 2F
0-1: Called Strike
0-2: Ball
1-2: Ball
2-2: Foul Ball, location: 2F
2-2: SINGLE (Groundball, 5)
Brock Larsen scores
Vic Langlois to third
Ichizo Akiyama to second
Runner from 3rd tries for Home, SAFE, no throw or cutoff
Batting: RHB Alfredo Hernández 0-0: Called Strike
0-1: Ball
1-1: Foul Ball, location: 2F
1-2: Ball
2-2: Strikes out looking
Top of the 9th over - 3 run(s), 1 hit(s), 1 error(s), 2 left on base; Columbia 11 - Manhatten 3
BOTTOM OF THE 9TH
Manhatten Meatheads batting - Pitching for Columbia 08s : RHP Irwin Conway
Batting: RHB Ben Morton 0-0: Foul Ball, location: 2F
0-1: Ball
1-1: Ball
2-1: Ground out 4-3 (Groundball, 4)
Pinch Hitting: RHB Jason Erickson 0-0: Ball
1-0: Called Strike
1-1: Ball
2-1: Ball
3-1: SINGLE (Groundball, 6MD)
Batting: RHB Mitch Thomas 0-0: Called Strike
0-1: Foul Ball, location: 2F
0-2: SINGLE (Groundball, 56D) (infield hit)
Jason Erickson to second
Batting: RHB Juan Reyes 0-0: Ball
1-0: Called Strike
1-1: DOUBLE (Groundball, 5L)
Jason Erickson scores
Mitch Thomas to third
Batting: RHB Iván Moreno 0-0: Swinging Strike
0-1: Ball
1-1: Ball
2-1: Ball
3-1: Ground out 5-3 (Groundball, 5)
Batting: RHB Kyle O'Day 0-0: Called Strike
0-1: Ball
1-1: Ball
2-1: Called Strike
2-2: Ball
3-2: Ground out 6-3 (Groundball, 6MS)
Bottom of the 9th over - 1 run(s), 3 hit(s), 0 error(s), 2 left on base; Columbia 11 - Manhatten 4
This league is powered by Out of the Park Baseball, the baseball management simulation game for PC, Mac and Linux
Wednesday, December 2nd, 2015 - OOTP Baseball 16.8 Build 38